 Dungeon Crawl Stone Soup version 0.27.1-33-g824d729ab1 (webtiles) character file.

Game seed: 3208671636049813658

11 KamiKatze the Skirmisher (level 2, -2/28 HPs)
             Began as a Gargoyle Berserker on Dec 24, 2021.
             Was a Follower of Trog.
             Frozen to death by an endoplasm (4 damage)
             ... on level 1 of the Dungeon.
             The game lasted 00:01:41 (121 turns).

KamiKatze the Skirmisher (Gargoyle Berserker)        Turns: 121, Time: 00:01:42

Health: -2/28      AC:  5    Str: 20    XL:     2   Next: 25%
Magic:  2/2        EV: 11    Int:  7    God:    Trog [*.....]
Gold:   0          SH:  3    Dex:  9    Spells: 1/1 levels left

rFire    . . .     SeeInvis .   a - +0 hand axe
rCold    . . .     Faith    .   d - +0 buckler
rNeg     + . .     Spirit   .   b - +0 animal skin
rPois    ∞         Reflect  .   (no helmet)
rElec    +         Harm     .   (no cloak)
rCorr    .         Rampage  .   (no gloves)
Will     .....                  (no boots)
Stlth    ..........             (no amulet)
HPRegen  0.09/turn              (no ring)
MPRegen  0.08/turn              (no ring)

@: berserking, very quick
A: sickness immunity, AC +2, negative energy resistance 1, electricity
resistance, torment resistance 1, petrification resistance
a: Renounce Religion, Berserk


You were on level 1 of the Dungeon.
You worshipped Trog.
Trog was aware of your devotion.
You visited 1 branch of the dungeon, and saw 1 of its levels.

Inventory:

Hand Weapons
 a - a +0 hand axe (weapon)
Missiles
 e - 13 stones (quivered)
Armour
 b - a +0 animal skin (worn)
 d - a +0 buckler (worn)
Scrolls
 c - a scroll of identify {unknown}


   Skills:
 + Level 3.4 Fighting
 * Level 2.9 Axes
 + Level 2.3 Armour
 + Level 1.7 Dodging
 + Level 0.4 Shields


You had one spell level left.
You didn't know any spells.
Your spell library was empty.

Dungeon Overview and Level Annotations

Branches:
Dungeon (1/15)

Altars:


Innate Abilities, Weirdness & Mutations

You are immune to sickness and miasma.
Your stone body is resilient. (AC +2)
You are immune to poison.
You resist negative energy. (rN+)
You are resistant to electric shocks. (rElec)
You are resistant to unholy torment.
You are immune to petrification.


Message History

The giant cockroach barely misses you. The dart slug barely misses you.
You hit the dart slug.
The dart slug is almost dead.
You hit the giant cockroach. The giant cockroach closely misses you.
You block the dart slug's attack.
The giant cockroach completely misses you.
You hit the dart slug.
You kill the dart slug!
Trog accepts your kill.
You closely miss the giant cockroach. The giant cockroach barely misses you.
You hit the giant cockroach.
You kill the giant cockroach!
Trog accepts your kill.
An endoplasm comes into view.
Okay, then.
Found a scroll labelled CAIS FYLYI.
The endoplasm freezes you.
You are frozen.
There is a stone staircase leading down here.
You are too injured to fight recklessly!
You are too injured to fight recklessly!
You hit the endoplasm but do no damage. The endoplasm freezes you.
You are frozen.
* * * LOW HITPOINT WARNING * * *
You hit the endoplasm but do no damage. The endoplasm freezes you.
You are frozen.
* * * LOW HITPOINT WARNING * * *
You hit the endoplasm.
The endoplasm is almost dead.
The endoplasm hits you.
* * * LOW HITPOINT WARNING * * *
The endoplasm hits you but does no damage.
Unknown command.
A red film seems to cover your vision as you go berserk!
You feel yourself moving faster!
You feel mighty! The endoplasm freezes you.
You are frozen.
You die...

.............#
.............##.....#
.............##.....#
.............##.....#
.............##.....#
###+##.......##.....# .
..#.##.......##.....# ?..
#.#.###.............#.....
................@J>.......
....#######.##........####
....# #.##........# ....#
#.##......#.# ....#
#.##.###..#.# ....# #.##.#
#..# # ....# #.##.# #..#
....# #.##.# #..# ....#


You could see an endoplasm.

Vanquished Creatures
  2 dart slugs (D:1)
  An endoplasm (D:1)
  2 giant cockroaches (D:1)
  A goblin (D:1)
6 creatures vanquished.

Notes
Turn   | Place    | Note
-------+----------+-------------------------------------------
     0 | D:1      | KamiKatze the Gargoyle Berserker began the quest for the
                  | Orb.
     0 | D:1      | Reached XP level 1. HP: 14/14 MP: 1/1
    73 | D:1      | Reached XP level 2. HP: 14/19 MP: 2/2
   121 | D:1      | Frozen to death by an endoplasm

Illustrated notes

Levels and vault maps discovered:
D:1:      dpeg_arrival_three_same_balls, layout_basic

Action                   || total
-------------------------++-------
Melee: Hand axe          ||    19
Invok: Berserk           ||     1
Armor: Animal skin       ||     5
Dodge: Dodged            ||    12
Block: Buckler           ||     2
